 Dungeon Crawl Stone Soup version 0.31-a0-977-gc230f8ef24 (webtiles) character file.

Game seed: 5124531504676079698

793 strifetoe the Shield-Bearer (level 7, -3/59 HPs)
             Began as an Armataur Fighter on Oct 29, 2023.
             Was an Initiate of Gozag.
             Slain by Prince Ribbit (11 damage)
             ... on level 5 of the Dungeon.
             The game lasted 00:03:23 (4091 turns).

strifetoe the Shield-Bearer (Armataur Fighter)      Turns: 4091, Time: 00:03:24

Health: -3/59      AC:  8    Str: 30    XL:     7   Next: 57%
Magic:  7/7        EV:  8    Int:  8    God:    Gozag
Gold:   243        SH:  5    Dex:  9    Spells: 6/6 levels left

rFire   . . .        a - +0 war axe
rCold   + . .        c - +0 buckler
rNeg    . . .        b - +0 scale mail
rPois   .            (no helmet)
rElec   .            h - +0 cloak
rCorr   .            (no gloves)
SInv    .            (no barding)
Will    .....        (no amulet) Stlth
                     l - ring of protection from cold
HPRegen 0.29/turn    o - +6 ring of strength
MPRegen 0.10/turn

%: roll
@: no status effects
A: large, rugged brown scales 3, deformed body, armoured tail, roll, long
tongue, awkward tongue
a: Renounce Religion, Potion Petition, Call Merchant, Bribe Branch


You were on level 5 of the Dungeon.
You worshipped Gozag.
Gozag was aware of your devotion.
You visited 1 branch of the dungeon, and saw 5 of its levels.

You collected 289 gold pieces.
You paid 46 gold pieces to Gozag.

Inventory:

Hand Weapons
 a - a +0 war axe (weapon)
Armour
 b - a +0 scale mail (worn)
 c - a +0 buckler (worn)
 h - a +0 cloak (worn)
Jewellery
 l - a ring of protection from cold (left hand)
 o - a +6 ring of strength (right hand)
Wands
 u - a wand of roots (10)
Scrolls
 e - a scroll of revelation {unknown}
 j - 3 scrolls of amnesia {unknown}
 k - a scroll of enchant armour {unknown}
 m - a scroll of identify
 n - 3 scrolls of immolation
 q - a scroll of brand weapon {unknown}
 r - a scroll of silence {unknown}
 t - a scroll of teleportation
Potions
 d - a potion of might
 f - 2 potions of attraction
 g - 2 potions of resistance {unknown}
 i - a potion of berserk rage
 p - 2 potions of enlightenment {unknown}
 s - 2 potions of cancellation {unknown}
 v - a potion of heal wounds {unknown}


   Skills:
 - Level 2.6 Fighting
 + Level 5.2 Axes
 - Level 3.6 Armour
 + Level 7.4 Shields


You had 6 spell levels left.
You didn't know any spells.
Your spell library contained the following spells:

 Spells                   Type           Power      Damage    Failure   Level
 Foxfire                  Conj/Fire      0%         2x1d4     69%         1
 Kiss of Death            Conj/Necr      0%         2d5       69%         1
 Summon Small Mammal      Summ           0%         N/A       69%         1
 Lesser Beckoning         Tloc           0%         N/A       83%         2
 Call Canine Familiar     Summ           0%         N/A       96%         3
 Gell's Gravitas          Tloc           0%         N/A       96%         3
 Summon Guardian Golem    Hex/Summ       0%         N/A       96%         3
 Teleport Other           Tloc           0%         N/A       96%         3


Dungeon Overview and Level Annotations

Branches:
Dungeon (5/15)
 Temple: D:4-7

Altars:
Gozag
Nemelex Xobeh
Qazlal
Sif Muna

Annotations:
D:5 Prince Ribbit


Innate Abilities, Weirdness & Mutations

You are completely covered in rugged brown scales. (AC +3, +7% HP)
Armour fits poorly on your strangely shaped body.
You have a long armoured tail.
You roll when moving toward enemies. (Rampage)
Your long tongue fully drains potion bottles. (2x potion effects)
Your tongue gives you trouble enunciating. (1.5x scroll delay)


Message History

You open the door.
There is an open door here.
Found a shimmering blue altar of Sif Muna.
There is a shimmering blue altar of Sif Muna here.
There is an open door here.
You now have 243 gold pieces (gained 14).
Prince Ribbit comes into view.
Prince Ribbit asks, "Just a little smooch?"
Prince Ribbit is nearby!
Prince Ribbit is nearby!
You roll towards Prince Ribbit!
You roll towards Prince Ribbit!
You miss Prince Ribbit. You block Prince Ribbit's attack.
Prince Ribbit hits you!
You hit Prince Ribbit but do no damage. You block Prince Ribbit's attack.
Prince Ribbit catches a centipede with his tongue.
You block Prince Ribbit's attack.
You barely miss Prince Ribbit.
Your tail-slap misses Prince Ribbit.
Prince Ribbit hits you!
You barely miss Prince Ribbit. Prince Ribbit hits you! x2
You are too injured to fight recklessly!
You are too injured to fight recklessly!
You are too injured to fight recklessly!
You are too injured to fight recklessly!
You are too injured to fight recklessly!
You are too injured to fight recklessly!
You are too injured to fight recklessly!
You are too injured to fight recklessly!
You are too injured to fight recklessly!
You are too injured to fight recklessly!
You are too injured to fight recklessly!
You are too injured to fight recklessly!
You are too injured to fight recklessly!
You are too injured to fight recklessly!
Unknown command.
Okay, then.
You closely miss Prince Ribbit. Prince Ribbit hits you!
* * * LOW HITPOINT WARNING * * *
Prince Ribbit hits you!
You die...
Your body crumbles into a pile of gold.

#####+####........
.+.......'.####.##
<#.#...#.#.# #.#
.#.#._.#.#.####.## #
.#.#...#.#.......#.#
.'.......+.#.##..#.#####
.####'######.##....!...#
......... #.###.#.###.#
######### #.# #@#.# #.#
#F# # #.# #.# ... ...
... ###.. ##


You could see Prince Ribbit.

Vanquished Creatures
  An ice beast (D:5)
  A black bear (D:5)
  A centaur (D:4)
  2 scorpions (D:5)
  4 hounds
  Ijyb (D:4)
  2 sleepcaps (D:5)
  Robin (D:3)
  7 gnolls
  6 adders
  A dart slug (D:1)
  3 orcs
  4 endoplasms
  A giant cockroach (D:1)
  22 goblins
  6 hobgoblins
  A jackal (D:1)
  4 quokkas
  3 ball pythons
  8 bats
  4 frilled lizards
  3 kobolds (D:1)
  4 rats
90 creatures vanquished.

Notes
Turn   | Place    | Note
-------+----------+-------------------------------------------
     0 | D:1      | strifetoe the Armataur Fighter began the quest for the Orb.
     0 | D:1      | Reached XP level 1. HP: 19/19 MP: 1/1
    41 | D:1      | Found a faded altar of an unknown god.
   189 | D:1      | Reached XP level 2. HP: 22/26 MP: 2/2
   640 | D:1      | Reached skill level 4 in Shields
   717 | D:1      | Reached XP level 3. HP: 32/32 MP: 3/3
  1458 | D:3      | Noticed Robin
  1460 | D:3      | Reached XP level 4. HP: 29/39 MP: 4/4
  1466 | D:3      | Killed Robin
  1763 | D:3      | Reached skill level 5 in Shields
  1886 | D:3      | Reached XP level 5. HP: 44/44 MP: 5/5
  2298 | D:4      | Identified the of Xaesosaineg
  2558 | D:4      | Noticed a centaur
  2565 | D:4      | Killed a centaur
  2566 | D:4      | Reached skill level 6 in Shields
  2566 | D:4      | Reached XP level 6. HP: 39/53 MP: 6/6
  2869 | D:4      | Noticed Ijyb
  2881 | D:4      | Killed Ijyb
  3021 | D:4      | Found a sparkling altar of Nemelex Xobeh.
  3025 | D:4      | Found a stormy altar of Qazlal.
  3028 | D:4      | Found an opulent altar of Gozag.
  3226 | D:4      | Became a worshipper of Gozag Ym Sagoz the Greedy
  3265 | D:5      | Entered Level 5 of the Dungeon
  3455 | D:5      | Noticed an ice beast
  3463 | D:5      | Killed an ice beast
  3464 | D:5      | Reached XP level 7. HP: 26/59 MP: 7/7
  3676 | D:5      | Reached skill level 7 in Shields
  3835 | D:5      | Reached skill level 5 in Axes
  4064 | D:5      | Found a shimmering blue altar of Sif Muna.
  4085 | D:5      | Noticed Prince Ribbit
  4091 | D:5      | Slain by Prince Ribbit

Illustrated notes

Levels and vault maps discovered:
D:1:      matt_arrival_los_fun, layout_basic, basic_ecumenical_altar,
          minmay_box_of_dots
D:2:      layout_rooms
D:3:      layout_loops_ring, grunt_ministairs_6, minmay_circle_x, uniq_robin
D:4:      kennysheep_the_goblin_king, layout_basic,
          grunt_temple_overflow_diamond, minivault_25, minmay_unequal
D:5:      layout_loops_ring, mainiacjoe_overflow_six_doors_small, temple_green,
          uniq_prince_ribbit1

Skill      XL: |  1  2  3  4  5  6  7 |
---------------+----------------------+-----
Axes           | 2 3 4 5 |  5.2
Shields        | 4 5 6 7 |  7.4
Fighting       | |  2.6
Armour         | |  3.6

Action                     |  1- 3 |  4- 6 |  7- 9 || total
---------------------------+-------+-------+-------++-------
  Melee: War axe           |    97 |   129 |    41 ||   267
         Tailslap          |     3 |    12 |     3 ||    18
    Use: Scroll            |       |     6 |       ||     6
         Potion            |       |       |     1 ||     1
 Armour: Scale mail        |    77 |   154 |    55 ||   286
  Dodge: Dodged            |    41 |    72 |    21 ||   134
  Block: Buckler           |    18 |    40 |    13 ||    71

Table legend: (Time is in decaauts)
 A = Elapsed time spent in this place.
 B = Non-inter-level travel time spent in this place.
 C = Inter-level travel time spent in this place.
 D = Time resting spent in this place.
 E = Time spent auto-exploring this place.
 F = Levels seen in this place.
 G = Mean time per level.
                   A        B        C        D        E       F      G
               +--------+--------+--------+--------+--------+-----+--------+
         Total |   4192 |   3982 |    210 |    557 |   2797 |   5 |  838.4 |
       Dungeon |   4192 |   3982 |    210 |    557 |   2797 |   5 |  838.4 |
               +--------+--------+--------+--------+--------+-----+--------+

Top non-repeatable levels by time:
     D:4: 987 daAuts
     D:1: 981 daAuts
     D:3: 921 daAuts
     D:5: 841 daAuts
     D:2: 461 daAuts
